 Dungeon Crawl Stone Soup version 0.26-a0-812-g31a745ddcd (webtiles) character file.

Game seed: 17647362395208484962

15 Froggeryz the Ruffian (level 2, 0/25 HPs)
             Began as a Naga Transmuter on Nov 14, 2020.
             Slain by a leopard gecko (3 damage)
             ... on level 1 of the Dungeon.
             The game lasted 00:00:52 (208 turns).

Froggeryz the Ruffian (Naga Transmuter)              Turns: 208, Time: 00:00:53

Health: 0/25       AC:  1    Str: 12    XL:     2   Next: 50%
Magic:  5/5        EV: 10    Int: 13    God:
Gold:   25         SH:  0    Dex: 11    Spells: 4/5 levels left

rFire    . . .     SeeInvis +     - Unarmed
rCold    . . .     Faith    .   (no shield)
rNeg     . . .     Spirit   .   a - +0 robe
rPois    +         Reflect  .   (no helmet)
rElec    .         Harm     .   (no cloak)
rCorr    .         Rampage  .   (no gloves)
MR       .....                  (no barding)
Stlth    +.........             (no amulet)
HPRegen  0.08/turn              (no ring)
MPRegen  0.09/turn              (no ring)

@: very slow
A: large, see invisible, deformed body, poison resistance, slowness 2, spit
poison 1, AC +0
a: Spit Poison


You were on level 1 of the Dungeon.
You visited 1 branch of the dungeon, and saw 1 of its levels.

You collected 25 gold pieces.

Inventory:

Armour
 a - a +0 robe (worn)


   Skills:
 - Level 1.0 Fighting
 - Level 1.5 Dodging
 * Level 3.5 Unarmed Combat
 - Level 2.0 Spellcasting
 + Level 2.3 Transmutations


You had 4 spell levels left.
You knew the following spells:

 Your Spells              Type           Power        Failure   Level
a - Beastly Appendage     Tmut           #.....       10%         1

Your spell library contained the following spells:

 Spells                   Type           Power        Failure   Level
 Wereblood                Tmut           #.......     14%         2
 Spider Form              Tmut/Pois      #.........   43%         3
 Ice Form                 Ice/Tmut       #.......     83%         4
 Blade Hands              Tmut           #.........   95%         5


Dungeon Overview and Level Annotations

Branches:
Dungeon (1/15)

Altars:


Innate Abilities, Weirdness & Mutations

You cannot wear boots.
Your serpentine skin is tough. (AC +0)
You have supernaturally acute eyesight. (SInv)
Armour fits poorly on your strangely shaped body.
Your system is resistant to poisons. (rPois)
You cover ground very slowly.
You can spit poison.


Message History

It was a scroll of noise.
You hear an angry hiss.
The jackal closely misses you. x2
You hit the jackal.
You kill the jackal!
You have got your breath back.
The jackal barely misses you.
Press: ? - help, Shift-Dir - straight line, f - jackal
Aim: a jackal You fail to use your ability.
The jackal closely misses you.
Press: ? - help, Shift-Dir - straight line, f/p - jackal
Aim: a jackal The splash of poison hits the jackal!
You kill the jackal!
Your transformation is almost over.
You have got your breath back.
Your horns disappear.
A leopard gecko comes into view.
The leopard gecko bites you.
You die...

..(### #.##########.# # ..#.# #.#
#.# ....... #.# #.# #...#.. ##.##
#.#
.......###...#########.##########
#...))†.....................(...
#.....###...###..####........###
.?..... ##.####..####..###..##≈≈
....... #.....@†....†)# #.##≈≈≈
.....#h ######l.#####)# ###≈≈P.
.#...r. .....# #.# #≈≈≈.. #.. #.
#....... ..# #≈P.8. #.. ##
#..#......... #≈≈≈..
......####.... ##≈≈P. ###..#..
...... ##≈≈≈ #.###. ....... ##≈≈
##....... ###


You could see a leopard gecko.

Vanquished Creatures
  A leopard gecko (D:1)
  A bat (D:1)
  A giant cockroach (D:1)
  A hobgoblin (D:1)
  3 jackals (D:1)
  3 kobolds (D:1)
  3 rats (D:1)
13 creatures vanquished.

Notes
Turn   | Place    | Note
-------+----------+-------------------------------------------
     0 | D:1      | Froggeryz the Naga Transmuter began the quest for the Orb.
     0 | D:1      | Reached XP level 1. HP: 18/18 MP: 3/3
   143 | D:1      | Reached XP level 2. HP: 25/25 MP: 5/5
   208 | D:1      | Slain by a leopard gecko

Illustrated notes

Levels and vault maps discovered:
D:1:      lightli_arrival_statuegarden, layout_loops_ring,
          chequers_serial_rivers_micro_b

Action                   || total
-------------------------++-------
Melee: Unarmed           ||    34
       Headbutt          ||     2
 Cast: Beastly Appendage ||     3
 Abil: Spit Poison       ||     9
  Use: Scroll            ||     1
 Stab: Sleeping          ||     1
Armor: Robe              ||     6
Dodge: Dodged            ||    36

Table legend: (Time is in decaauts)
 A = Elapsed time spent in this place.
 B = Non-inter-level travel time spent in this place.
 C = Inter-level travel time spent in this place.
 D = Time resting spent in this place.
 E = Time spent auto-exploring this place.
 F = Levels seen in this place.
 G = Mean time per level.
                   A        B        C        D        E       F      G
               +--------+--------+--------+--------+--------+-----+--------+
         Total |    234 |    234 |      0 |     43 |    109 |   1 |  234.0 |
       Dungeon |    234 |    234 |      0 |     43 |    109 |   1 |  234.0 |
               +--------+--------+--------+--------+--------+-----+--------+

Top non-repeatable levels by time:
     D:1: 234 daAuts
